 Dungeon Crawl Stone Soup version 0.25-a0-1113-g0499d652a8 (webtiles) character file.

Game seed: 8505643050889681347, levelgen mode: deterministic

216 vurker the Skirmisher (level 5, 0/47 HPs)
             Began as a Minotaur Fighter on May 16, 2020.
             Killed by divine providence
             ... invoked by an orc priest
              (13 damage)
             ... on level 3 of the Dungeon.
             The game lasted 00:02:11 (1748 turns).

vurker the Skirmisher (Minotaur Fighter)            Turns: 1748, Time: 00:02:11

Health: 0/47       AC:  7    Str: 21    XL:     5   Next: 61%
Magic:  4/4        EV:  8    Int:  5    God:
Gold:   82         SH:  9    Dex: 10    Spells: 4/4 levels left

rFire    . . .     SeeInvis .   a - +0 war axe
rCold    . . .     Gourm    .   n - +0 kite shield
rNeg     . . .     Faith    .   b - +0 scale mail
rPois    .         Spirit   .   (helmet restricted)
rElec    .         Reflect  .   (no cloak)
rCorr    .         Harm     .   (no gloves)
MR       .....                  (no boots)
Stlth    ..........             (no amulet)
HPRegen  0.15/turn              (no ring)
MPRegen  0.09/turn              (no ring)

@: no status effects
A: retaliatory headbutt, horns 2
a: no special abilities


You were on level 3 of the Dungeon.
You were not hungry.

You visited 1 branch of the dungeon, and saw 3 of its levels.

You collected 82 gold pieces.

Inventory:

Hand Weapons
 a - a +0 war axe (weapon)
Armour
 b - a +0 scale mail (worn)
 n - a +0 kite shield (worn)
Wands
 c - a wand of disintegration (13)
   (You found it on level 2 of the Dungeon)
Scrolls
 k - 2 scrolls of teleportation {unknown}
 l - a scroll of fog {unknown}
 o - a scroll of random uselessness {unknown}
Potions
 d - 2 potions of might
 g - a potion of mutation {unknown}
 h - a potion of haste {unknown}
 i - 2 potions of brilliance {unknown}
 j - a potion of lignification {unknown}
 m - a potion of flight {unknown}
Comestibles
 e - 7 rations
 f - 2 chunks of flesh


   Skills:
 + Level 4.6 Fighting
 * Level 4.5 Axes
 + Level 4.5 Armour
 + Level 2.1 Dodging
 + Level 4.5 Shields


You had 4 spell levels left.
You didn't know any spells.
Your spell library was empty.

Dungeon Overview and Level Annotations

Branches:
Dungeon (3/15)

Altars:


Innate Abilities, Weirdness & Mutations

You reflexively headbutt those who attack you in melee.
You have a pair of horns on your head.


Message History

You block the dart slug's attack.
You slash the dart slug!
You kill the dart slug!
No target in view!
No target in view!
A goblin comes into view. It is wielding a +0 club.
A goblin is nearby!
A goblin is nearby!
A goblin is nearby!
The goblin shouts!
You hear a shout!
Found a robe.
A giant cockroach comes into view.
An orc priest comes into view.
The giant cockroach moves out of view.
Found 19 gold pieces.
The orc priest begins to cast a cantrip, but forgets the words!
You hit the goblin but do no damage. Your headbutt misses the goblin.
The goblin hits you but does no damage.
You hit the goblin. The goblin hits you but does no damage.
You block the goblin's attack.
An orc comes into view. It is wielding a +0 whip.
The orc shouts!
You hit the goblin but do no damage.
You headbutt the goblin, but do no damage.
The goblin closely misses you.
The orc priest invokes the aid of Beogh against you.
Beogh smites you! You block the giant cockroach's attack.
A hobgoblin comes into view.
You hear a shout! x2; You hear a bark!
You hear a shout!
An adder comes into view.
The adder hisses angrily.
The hobgoblin shouts!
You hear a bark! x2
An orc comes into view. It is wielding a +0 club.
An orc comes into view. It is wielding a +0 mace.
You hear a shout!
A jackal, a hobgoblin and an orc priest come into view.
The orc priest shouts!
The jackal barks!
The hobgoblin shouts!
The orc priest calls down the wrath of Beogh upon you.
Beogh smites you!
* * * LOW HITPOINT WARNING * * *
The orc priest invokes the aid of Beogh against you.
Beogh smites you!
* * * LOW HITPOINT WARNING * * *
The jackal moves out of view.
A jackal comes into view.
The orc priest looks satisfied for a moment.
The jackal moves out of view.
The giant cockroach bites you but does no damage.
You block the adder's attack.
The orc priest invokes the aid of Beogh against you.
Beogh smites you!
You die...

...# #...
#..........## ...
#... #........... +#
##... #......o....
.# .....##
#%.......... .#
#...... #....o......
.# #......
#.oo........ .#
#......##g..g.og....
.#
#......'.sS#######..
.# .......##@.# h .#
........#..#### ##
.$............# <#
.............###.#
## ...
..........#.#.# .#
.. .#######..#...#
.#.. #.>#.###
.#.#+#############.#
##.................#


You could see 2 orc priests, an adder, 2 orcs, a giant cockroach, a hobgoblin
and a goblin.

Vanquished Creatures
  An ice beast (D:3)
  4 adders
  An ooze (D:2)
  3 worms (D:2)
  4 dart slugs
  3 leopard geckos
  An orc (D:3)
  A ball python (D:1)
  4 bats
  3 giant cockroaches
  6 goblins
  6 hobgoblins
  3 jackals (D:2)
  5 kobolds
  3 quokkas (D:2)
  3 frilled lizards
  6 rats
57 creatures vanquished.

Vanquished Creatures (others)
  A rat (D:1)
1 creature vanquished.

Grand Total: 58 creatures vanquished

Notes
Turn   | Place    | Note
-------+----------+-------------------------------------------
     0 | D:1      | vurker the Minotaur Fighter began the quest for the Orb.
     0 | D:1      | Reached XP level 1. HP: 19/19 MP: 0/0
   140 | D:1      | Reached XP level 2. HP: 27/27 MP: 1/1
   647 | D:2      | Reached skill level 1 in Dodging
   647 | D:2      | Reached XP level 3. HP: 33/33 MP: 2/2
  1090 | D:2      | Reached XP level 4. HP: 39/40 MP: 3/3
  1725 | D:3      | Noticed an ice beast
  1731 | D:3      | Killed an ice beast
  1731 | D:3      | Reached XP level 5. HP: 47/47 MP: 4/4
  1748 | D:3      | Killed from afar by an orc priest

Illustrated notes

Levels and vault maps discovered:
D:1:      matt_arrival_diagonals, layout_loops_ring, nrook_campfire
D:2:      layout_loops_cross, first_ration
D:3:      layout_basic, serial_glass, glass_columns_a, glass_columns_a,
          uniq_terence

Skill      XL: |  1  2  3  4 |
---------------+-------------+-----
Axes           | 3 4 |  4.5
Dodging        | 1 2 |  2.1
Fighting       | 4 |  4.6
Armour         | 4 |  4.5
Shields        | 4 |  4.5

Action                   |  1- 3 |  4- 6 || total
-------------------------+-------+-------++-------
Melee: War axe           |    88 |    48 ||   136
       Headbutt          |    10 |     7 ||    17
  Eat: Chunk             |     1 |     2 ||     3
Armor: Scale mail        |    34 |    14 ||    48
Dodge: Dodged            |    40 |    14 ||    54
Block: Kite shield       |    56 |    19 ||    75

Table legend:
 A = Non-vault XP
 B = Vault XP
 C = Vault XP percentage of total XP
 D = Non-vault monster count
 E = Vault monster count
 F = Vault count percentage of total count
                 A         B        C        D         E       F
            +---------+---------+-------+---------+---------+-------
      Total |     309 |       0 |   0.0 |      57 |       0 |   0.0
            +---------+---------+-------+---------+---------+-------
        D:1 |      30 |       0 |   0.0 |      14 |       0 |   0.0
        D:2 |     109 |       0 |   0.0 |      32 |       0 |   0.0
        D:3 |     170 |       0 |   0.0 |      11 |       0 |   0.0
            +---------+---------+-------+---------+---------+-------
